 Dungeon Crawl Stone Soup version 0.31-a0-1206-g41278d8d1d (console) character file.

Game seed: 4584891960887825028

211 jejorda2 the Chopper (level 5, -1/47 HPs)
             Began as a Gnoll Berserker on Dec 13, 2023.
             Was a Believer of Trog.
             Killed by nerve-wracking pain
             ... invoked by an orc priest
              (4 damage)
             ... on level 3 of the Dungeon.
             The game lasted 00:04:03 (1769 turns).

jejorda2 the Chopper (Gnoll Berserker)              Turns: 1769, Time: 00:04:04

Health: -1/47      AC: 14    Str: 18    XL:     5   Next: 88%
Magic:  7/7        EV: 11    Int:  7    God:    Trog [**....]
Gold:   17         SH:  0    Dex: 11    Spells: 7/7 levels left

rFire   . . .        a - +0 hand axe
rCold   . . .        (no shield)
rNeg    . . .        f - +0 scale mail
rPois   .            i - +0 hat
rElec   .            (no cloak)
rCorr   .            (no gloves)
SInv    .            g - +2 pair of boots
Will    .....        (no amulet) Stlth
                     p - +4 ring of protection
HPRegen 0.27/turn    (no ring)
MPRegen 0.10/turn

%: no passive effects
@: about to teleport, on berserk cooldown, slowed, very slow
A: fangs 1, strong nose, distributed training
a: Renounce Religion, Berserk, Trog's Hand


You were on level 3 of the Dungeon.
You worshipped Trog.
Trog was pleased with you.
You visited 1 branch of the dungeon, and saw 3 of its levels.

You collected 95 gold pieces.
You spent 78 gold pieces at shops.

Inventory:

Hand Weapons
 a - a +0 hand axe (weapon)
Missiles
 b - 2 poisoned darts
Armour
 f - a +0 scale mail (worn)
 g - a +2 pair of boots (worn)
 i - a +0 hat (worn)
Jewellery
 p - a +4 ring of protection (left hand)
Scrolls
 c - a scroll of enchant armour {unknown}
 d - a scroll of amnesia {unknown}
 h - 2 scrolls of fog {unknown}
 l - 3 scrolls of identify {unknown}
 n - a scroll of poison {unknown}
 q - a scroll of vulnerability {unknown}
 s - a scroll of noise {unknown}
 t - a scroll of enchant weapon {unknown}
Potions
 e - 2 potions of degeneration {unknown}
 k - 2 potions of might {unknown}
 m - a potion of brilliance {unknown}
 o - 2 potions of curing
 r - a potion of lignification {unknown}
 u - a potion of invisibility {unknown}


   Skills:
 + Level 6.7 Fighting
 + Level 1.7 Short Blades
 + Level 1.7 Long Blades
 + Level 6.7 Axes
 + Level 1.7 Maces & Flails
 + Level 1.7 Polearms
 + Level 1.7 Staves
 + Level 1.7 Ranged Weapons
 + Level 1.7 Throwing
 + Level 4.9 Armour
 + Level 4.9 Dodging
 + Level 1.7 Stealth
 + Level 1.7 Shields
 + Level 1.7 Unarmed Combat
 + Level 1.7 Spellcasting
 + Level 1.3 Conjurations
 + Level 1.3 Hexes
 + Level 1.3 Summonings
 + Level 1.3 Necromancy
 + Level 1.3 Translocations
 + Level 1.3 Transmutations
 + Level 1.3 Fire Magic
 + Level 1.3 Ice Magic
 + Level 1.3 Air Magic
 + Level 1.3 Earth Magic
 + Level 1.3 Poison Magic
 + Level 1.9 Invocations
 + Level 1.7 Evocations
 + Level 1.5 Shapeshifting


You had 7 spell levels left.
You didn't know any spells.
Your spell library was empty.

Dungeon Overview and Level Annotations

Branches:
Dungeon (3/15)

Altars:
Makhleb
Yredelemnul

Shops:
D:2 !?


Innate Abilities, Weirdness & Mutations

You have very sharp teeth.
Your uncanny sense of smell can sniff out nearby items.
Your experience applies equally to all skills.


Message History

You slash the orc priest!
You kill the orc priest!
Trog accepts your kill.
An orc priest comes into view. It is wielding a +0 trident.
An orc priest and an orc come into view.
The orc priest shouts!
The orc shouts!
An orc comes into view. It is wielding a +0 club.
Items here: ) †.
An orc priest comes into view. It is wielding a +0 whip.
Found a basalt altar of Yredelemnul.
You feel a strong urge to attack something.
The orc priest shouts!
You slash the orc priest!
The orc priest is severely wounded.
The orc priest mumbles some strange prayers to Beogh against you.
Pain shoots through your body!
* * * LOW HITPOINT WARNING * * *
You slash the orc priest!
You kill the orc priest!
Trog accepts your kill.
An orc wizard comes into view. It is wielding a +0 dagger.
An orc comes into view. It is wielding a +0 whip.
Unknown command.
You hit the orc priest.
The orc priest is lightly wounded.
An orc wizard comes into view. It is wielding a +0 dagger.
Items here: ) †.
You feel a strong urge to attack something.
The orc priest miscasts a cantrip.
The orc wizard moves out of view.
Items here: ) †.
You are no longer berserk.
You are exhausted.
You feel yourself slow down.
Items here: ) †.
As you read the scroll of teleportation, it crumbles to dust.
You feel strangely unstable.
The orc priest invokes the aid of Beogh against you.
Pain shoots through your body!
You die...

#.##......#
#.#.#.#.
#.....###.#
#.#...#.
#.#.#.....#
#.######
#...##.#### #.#
#.####.########
#.#
#.#...........#
... #
#.##....)...#
... #
######)).#
#_#@).# #.8o..#
o.o.o.o...#
o...o.....#
#.#.#.8...# #
#.#_#...# #
###...# #####


You could see 2 orc priests, 2 orc wizards and 2 orcs.

Vanquished Creatures
  4 orc priests (D:3)
  Jessica (D:2)
  Natasha (D:2)
  A worm (D:2)
  6 orcs (D:3)
  6 ball pythons
  2 endoplasms
  2 giant cockroaches
  A goblin (D:1)
  2 hobgoblins
  2 bats
  6 kobolds
  2 rats (D:1)
36 creatures vanquished.

Notes
Turn   | Place    | Note
-------+----------+-------------------------------------------
     0 | D:1      | jejorda2 the Gnoll Berserker began the quest for the Orb.
     0 | D:1      | Reached XP level 1. HP: 23/23 MP: 1/1
   188 | D:1      | Reached XP level 2. HP: 29/29 MP: 2/2
   690 | D:2      | Found Ficleun's Magic Scroll Shoppe.
   704 | D:2      | Bought a scroll of teleportation for 39 gold pieces
   724 | D:2      | Noticed Jessica
   724 | D:2      | Noticed Natasha
   735 | D:2      | Killed Jessica
   736 | D:2      | Reached skill level 1 in Invocations
   736 | D:2      | Reached XP level 3. HP: 25/35 MP: 2/4
   970 | D:2      | Reached ** piety under Trog
   988 | D:2      | Found a faded altar of an unknown god.
  1132 | D:2      | Found Roojowut's Distillery.
  1140 | D:2      | Killed Natasha
  1141 | D:2      | Reached skill level 1 in Short Blades
  1141 | D:2      | Reached skill level 1 in Long Blades
  1141 | D:2      | Reached skill level 1 in Maces & Flails
  1141 | D:2      | Reached skill level 1 in Polearms
  1141 | D:2      | Reached skill level 1 in Staves
  1141 | D:2      | Reached skill level 1 in Ranged Weapons
  1141 | D:2      | Reached skill level 1 in Throwing
  1141 | D:2      | Reached skill level 1 in Stealth
  1141 | D:2      | Reached skill level 1 in Shields
  1141 | D:2      | Reached skill level 1 in Unarmed Combat
  1141 | D:2      | Reached skill level 1 in Spellcasting
  1141 | D:2      | Reached skill level 1 in Evocations
  1141 | D:2      | Reached skill level 1 in Shapeshifting
  1141 | D:2      | Reached XP level 4. HP: 33/41 MP: 5/5
  1174 | D:2      | Bought a potion of curing for 39 gold pieces
  1557 | D:3      | Reached skill level 1 in Conjurations
  1557 | D:3      | Reached skill level 1 in Hexes
  1557 | D:3      | Reached skill level 1 in Summonings
  1557 | D:3      | Reached skill level 1 in Necromancy
  1557 | D:3      | Reached skill level 1 in Translocations
  1557 | D:3      | Reached skill level 1 in Transmutations
  1557 | D:3      | Reached skill level 1 in Fire Magic
  1557 | D:3      | Reached skill level 1 in Ice Magic
  1557 | D:3      | Reached skill level 1 in Air Magic
  1557 | D:3      | Reached skill level 1 in Earth Magic
  1557 | D:3      | Reached skill level 1 in Poison Magic
  1721 | D:3      | Found a burning altar of Makhleb.
  1742 | D:3      | Reached XP level 5. HP: 36/47 MP: 5/7
  1762 | D:3      | Found a basalt altar of Yredelemnul.
  1763 | D:3      | HP: 3/70 [orc priest/nerve-wracking pain (10)]
  1769 | D:3      | Killed from afar by an orc priest

Illustrated notes

Levels and vault maps discovered:
D:1:      roderic_crossed_star, layout_basic, hangedman_decor_clover_reticule
D:2:      layout_basic, hellmonk_ecumenical_altar_pennies_from_heaven,
          serial_shops, shop, shop, uniq_natasha, uniq_jessica
D:3:      layout_basic, minitemple, uniq_ijyb

Skill      XL: |  1  2  3  4 |
---------------+-------------+-----
Invocations    | 1 |  1.9
Short Blades   | 1 |  1.7
Long Blades    | 1 |  1.7
Maces & Flails | 1 |  1.7
Polearms       | 1 |  1.7
Staves         | 1 |  1.7
Ranged Weapons | 1 |  1.7
Throwing       | 1 |  1.7
Stealth        | 1 |  1.7
Shields        | 1 |  1.7
Unarmed Combat | 1 |  1.7
Spellcasting   | 1 |  1.7
Evocations     | 1 |  1.7
Shapeshifting  | 1 |  1.5
Conjurations   | 1 |  1.3
Hexes          | 1 |  1.3
Summonings     | 1 |  1.3
Necromancy     | 1 |  1.3
Translocations | 1 |  1.3
Transmutations | 1 |  1.3
Fire Magic     | 1 |  1.3
Ice Magic      | 1 |  1.3
Air Magic      | 1 |  1.3
Earth Magic    | 1 |  1.3
Poison Magic   | 1 |  1.3
Fighting       | |  6.7
Axes           | |  6.7
Armour         | |  4.9
Dodging        | |  4.9

Action                     |  1- 3 |  4- 6 || total
---------------------------+-------+-------++-------
  Melee: Hand axe          |    51 |    52 ||   103
         Bite              |     9 |     6 ||    15
 Invoke: Berserk           |       |     1 ||     1
    Use: Scroll            |       |     1 ||     1
 Armour: Ring mail         |     5 |       ||     5
         Animal skin       |     2 |       ||     2
         Scale mail        |    21 |    24 ||    45
  Dodge: Dodged            |    23 |    21 ||    44

Table legend: (Time is in decaauts)
 A = Elapsed time spent in this place.
 B = Non-inter-level travel time spent in this place.
 C = Inter-level travel time spent in this place.
 D = Time resting spent in this place.
 E = Time spent auto-exploring this place.
 F = Levels seen in this place.
 G = Mean time per level.
                   A        B        C        D        E       F      G
               +--------+--------+--------+--------+--------+-----+--------+
         Total |   1770 |   1721 |     49 |     19 |   1420 |   3 |  590.0 |
       Dungeon |   1770 |   1721 |     49 |     19 |   1420 |   3 |  590.0 |
               +--------+--------+--------+--------+--------+-----+--------+

Top non-repeatable levels by time:
     D:2: 831 daAuts
     D:1: 689 daAuts
     D:3: 249 daAuts
